 Dungeon Crawl Stone Soup version 0.26.0-57-g60708a5e39 (webtiles) character file.

Game seed: 9371763104274345357

65 H0rd4k the Insei (level 4, -2/28 HPs)
             Began as an Octopode Transmuter on Feb 1, 2021.
             Slain by an orc
             ... wielding a cursed +0 flail
              (7 damage)
             ... on level 3 of the Dungeon.
             The game lasted 00:01:53 (2381 turns).

H0rd4k the Insei (Octopode Transmuter)              Turns: 2381, Time: 00:01:54

Health: -2/28      AC:  1    Str: 10    XL:     4   Next: 14%
Magic:  6/7        EV: 13    Int: 15    God:
Gold:   139        SH:  0    Dex: 12    Spells: 6/7 levels left

rFire    + . .     SeeInvis .     - Unarmed
rCold    + . .     Faith    .   (no shield)
rNeg     . . .     Spirit   .   (helmet currently unavailable)
rPois    .         Reflect  .   (no amulet)
rElec    .         Harm     .   f - ring of protection from cold
rCorr    .         Rampage  .   g - ring of protection from fire
Will     .....                  (no ring)
Stlth    +++.......             (no ring)
HPRegen  0.09/turn              (no ring)
MPRegen  0.10/turn              (no ring)
                                (no ring)
                                (no ring)

@: appendages
A: almost no armour, stealthy swim, amphibious, 8 rings, constrict 8, tentacle
spike 3, camouflage 1, gelatinous body 1
a: End Transformation


You were on level 3 of the Dungeon.
One of your tentacles had a temporary spike.
You visited 1 branch of the dungeon, and saw 3 of its levels.

You collected 139 gold pieces.

Inventory:

Hand Weapons
 i - a cursed -3 hunting sling
Missiles
 h - 2 silver javelins
Jewellery
 f - a ring of protection from cold (left tentacle)
 g - a ring of protection from fire (right tentacle)
Wands
 m - a wand of flame (18)
Scrolls
 b - 3 scrolls of identify {unknown}
 d - a scroll of amnesia {unknown}
 l - a scroll of enchant weapon {unknown}
 n - a scroll of enchant armour {unknown}
 o - a scroll of teleportation {unknown}
Potions
 a - a potion of cancellation {unknown}
 c - a potion of ambrosia {unknown}
 e - 2 potions of degeneration {unknown}
 j - a potion of brilliance {unknown}
 k - 2 potions of curing {unknown}


   Skills:
 + Level 1.0 Fighting
 + Level 2.1 Dodging
 + Level 1.8 Stealth
 + Level 4.1 Unarmed Combat
 + Level 2.4 Spellcasting
 + Level 2.1 Transmutations


You had 6 spell levels left.
You knew the following spells:

 Your Spells              Type           Power        Failure   Level
a - Beastly Appendage     Tmut           16%          9%          1

Your spell library contained the following spells:

 Spells                   Type           Power        Failure   Level
 Wereblood                Tmut           8%           13%         2
 Spider Form              Tmut/Pois      2%           38%         3
 Ice Form                 Ice/Tmut       5%           80%         4
 Blade Hands              Tmut           4%           94%         5


Dungeon Overview and Level Annotations

Branches:
Dungeon (3/15)

Altars:


Innate Abilities, Weirdness & Mutations

You cannot wear most types of armour.
You are very stealthy in the water. (Stealth+)
You are amphibious.
You can wear up to eight rings at the same time.
You can use your tentacles to constrict eight enemies at once.
Your skin changes colour to match your surroundings (Stealth+).
Your rubbery body absorbs attacks. (AC +1, EV +1)
One of your tentacles bears a large vicious spike.


Message History

The orc wizard points at you and mumbles some strange words.
The puff of flame hits you. You resist.
The ball python hisses angrily.
You see here a hobgoblin corpse.
The orc wizard points at itself and mumbles some strange words.
The orc wizard flickers and vanishes!
Deactivating autopickup; reactivate with Ctrl-A.
The orc priest begins to cast a cantrip, but forgets the words!
Casting: Beastly Appendage (safe; 9% risk of failure)
Confirm with . or Enter, or press ? or * to list all spells.
One of your tentacles grows a vicious spike.
The orc priest casts a cantrip, but nothing happens.
The orc hits you with a cursed +0 flail.
You closely miss the orc. You grab the orc. You constrict the orc.
You release your grip on the orc.
The orc priest mumbles some strange prayers to Beogh against you.
Beogh smites you!
* * * LOW HITPOINT WARNING * * *
The orc hits you with a cursed +0 flail!
You die...

.# #.# #.# #.# #.# # #.# #
### #.####### # ##.##
##†..@oS.# # ##.#.##
##...####.# #
###.###.###.....###.# .#
##.#####...†.(...##.####.#
###.#.#.###.....###.#....#
###..........†...........###.
<.......#####.#####.#†.......
##......... ..# #.........#.
#.........# ### #...........


You could see an orc and a ball python.

Vanquished Creatures
  2 adders (D:2)
  An ooze (D:2)
  A worm (D:2)
  A dart slug (D:2)
  3 leopard geckos
  2 giant cockroaches
  4 goblins
  5 hobgoblins
  3 jackals (D:2)
  A quokka (D:2)
  2 bats
  6 frilled lizards
  4 kobolds
  2 rats
37 creatures vanquished.

Notes
Turn   | Place    | Note
-------+----------+-------------------------------------------
     0 | D:1      | H0rd4k the Octopode Transmuter began the quest for the Orb.
     0 | D:1      | Reached XP level 1. HP: 13/13 MP: 3/3
   388 | D:1      | Reached XP level 2. HP: 13/18 MP: 5/5
  1225 | D:2      | Reached XP level 3. HP: 5/23 MP: 6/6
  1419 | D:2      | Reached skill level 1 in Stealth
  2113 | D:2      | Reached skill level 4 in Unarmed Combat
  2113 | D:2      | Reached XP level 4. HP: 28/28 MP: 7/7
  2381 | D:3      | Slain by an orc

Illustrated notes

Levels and vault maps discovered:
D:1:      grunt_arrival_crossed_arrows, layout_basic, nrook_campfire,
          minmay_door_square
D:2:      layout_loops_ring, solitary_fountain
D:3:      layout_loops_ring, uniq_robin

Skill      XL: |  1  2  3 |
---------------+----------+-----
Stealth        | 1 |  1.8
Unarmed Combat | 4 |  4.1
Fighting       | |  1.0
Dodging        | |  2.1
Spellcasting   | |  2.4
Transmutations | |  2.1

Action                   |  1- 3 |  4- 6 || total
-------------------------+-------+-------++-------
Melee: Unarmed           |    73 |    10 ||    83
       Constrict         |    21 |     3 ||    24
       Tentacles         |    14 |     2 ||    16
       Punch             |       |     1 ||     1
 Cast: Beastly Appendage |     1 |     1 ||     2
 Stab: Sleeping          |     9 |     1 ||    10
Armor: Skin              |     3 |       ||     3
Dodge: Dodged            |    38 |     3 ||    41
